 Dungeon Sprint DCSS version 0.29-a0-96-g93358da72b (webtiles) character file.

Game seed: 4222029825719096321

21074 mhtbhm the Bludgeoner (level 12, -9/145 HPs)
             Began as a Troll Berserker on Feb 13, 2022.
             Was the Champion of Trog.
             Mangled by Donald (38 damage)
             ... in the Dungeon (Sprint IX: "|||||||||||||||||||||||||||||").
             The game lasted 00:06:14 (2162 turns).

mhtbhm the Bludgeoner (Troll Berserker)             Turns: 2162, Time: 00:06:16

Health: -9/145     AC: 13    Str: 35    XL:     12   Next: 51%
Magic:  11/11      EV: 12    Int:  3    God:    Trog [******]
Gold:   371        SH:  0    Dex:  9    Spells: 11/11 levels left

rFire   . . .      SeeInvis .   a - +5 giant spiked club (vorpal)
rCold   . . .      Faith    .   (shield currently unavailable)
rNeg    . . .      Spirit   .   b - +0 swamp dragon scales
rPois   +          Reflect  .   (helmet restricted)
rElec   .          Harm     .   k - scarf {+Inv}
rCorr   .          Rampage  .   (gloves unavailable)
Will    .....      NoTele   +   (boots unavailable)
Stlth   +.........              (no amulet)
HPRegen 1.14/turn               l - +3 ring of strength
MPRegen 0.12/turn               n - +4 ring of protection

@: no status effects
A: large, unfitting armour, claws 3, regeneration 1, shaggy fur 1, tough skin 1
a: Renounce Religion, Evoke Invisibility, Berserk, Trog's Hand, Brothers in Arms


You were in the Dungeon.
You worshipped Trog.
Trog was exalted by your worship.
You visited 1 branch You collected 1938 gold pieces.
You spent 1567 gold pieces at shops.

Inventory:

Hand Weapons
 a - a +5 vorpal giant spiked club (weapon)
 t - a +6 dire flail of flaming
 u - the +11 bardiche of the Volcano {vorpal, Contam Int+6 Dex+6}
   (You bought it in a shop in the Dungeon)

   It inflicts extra damage upon your enemies.
   Int:       It affects your intelligence (+6).
   Dex:       It affects your dexterity (+6).
   Contam:    It causes magical contamination when unequipped.
 A - the +8 mithril axe "Arga" {speed, Will+}
   (You found it in the Dungeon)

   Attacks with this weapon are significantly faster.
   Will:      It increases your willpower.
 B - the +8 great mace of the Ego {antimagic, *Noise rF+ rN++ Str+3}
   (Trog gifted it to you in the Dungeon)

   It reduces the magical energy of the wielder, and disrupts the spells and
   magical abilities of those it strikes.
   Natural abilities and divine invocations are not affected.
   Str:       It affects your strength (+3).
   rF:        It protects you from fire.
   rN:        It greatly protects you from negative energy.
   *Noise:    It may make noises in combat.
Armour
 b - +0 swamp dragon scales (worn)
 k - a scarf of invisibility (worn)
 v - an orb of guile
Jewellery
 l - a +3 ring of strength (left claw)
 n - a +4 ring of protection (right claw)
 w - a ring of see invisible
 x - a ring of willpower
 y - a ring of willpower
 z - a ring of poison resistance
Wands
 j - a wand of acid (9)
Scrolls
 h - 3 scrolls of blinking
 o - 2 scrolls of fog
 p - 3 scrolls of identify
 q - 4 scrolls of enchant weapon
 r - a scroll of fear
 s - 5 scrolls of enchant armour
Potions
 c - 7 potions of curing
 d - 9 potions of heal wounds
 e - 2 potions of haste
 f - 4 potions of magic
 g - 2 potions of berserk rage
 i - a potion of invisibility
 m - 3 potions of might


   Skills:
 + Level 16.3 Fighting
 + Level 19.9 Maces & Flails
 + Level 2.4 Armour
 + Level 12.9 Dodging
 + Level 2.6 Stealth
 + Level 1.2 Evocations


You had 11 spell levels left.
You didn't know any spells.
Your spell library was empty.

Dungeon Overview and Level Annotations

Branches:
Dungeon (1/1)

Altars:
Cheibriados
Dithmenos
Elyvilon
Fedhas
Gozag
Hepliaklqana
Kikubaaqudgha
Makhleb
Nemelex Xobeh
Okawaru
Qazlal
Ru
Sif Muna
Trog
Uskayaw
Vehumet
Wu Jian
Xom
Yredelemnul
Zin
The Shining One
Beogh
Jiyva
Lugonu

Shops:
D *(*[

Annotations:
D Donald


Innate Abilities, Weirdness & Mutations

You are too large for most types of armour.
You have claws for hands.
Your natural rate of healing is unusually fast.
You are covered in fur. (AC +1)
You have tough skin. (AC +1)


Message History

You start resting.
HP restored.
You see here the +8 great mace of the Ego {antimagic, *Noise rF+ rN++ Str+3}.
B - the +8 great mace of the Ego {antimagic, *Noise rF+ rN++ Str+3}
Things that are here:
a +0 glaive; a +0 chain mail; the human corpse of Frances Donald the Adventurer comes into view.
He is wielding a +0 broad axe.
Donald shouts!
You hit Donald but do no damage. You completely miss Donald.
Donald casts a spell.
Donald seems to speed up.
You sock Donald!
Donald is moderately wounded.
Donald hits you with a +0 broad axe!
You closely miss Donald.
Donald is lightly wounded.
Donald hits you but does no damage.
You puncture Donald!
Donald is moderately wounded.
Donald gestures wildly while chanting.
Donald seems to grow stronger.
Donald closely misses you. Donald blocks your attack.
Donald is moderately wounded.
Donald hits you with a +0 broad axe!!! Donald blocks your attack.
Donald is moderately wounded.
Donald barely misses you. Donald blocks your attack.
Donald is moderately wounded.
Donald hits you with a +0 broad axe!!!
You hear a shout!
Donald blocks your attack.
Donald is moderately wounded.
You hear a shout!
Donald says, "So, what is this Orb thing, anyway?"
Donald hits you with a +0 broad axe!!
* * * LOW HITPOINT WARNING * * *
Donald hits you with a +0 broad axe!!!
You die...

▓▓▓▓♣♣♣♣♣♣♣♣♣♣▓▓▓▓▓▓▓▓▓▓
.........)......@@......
▓▓▓▓▓▓▓▓▓▓▓▓▓▓▓▓▓▓▓▓▓▓▓▓▓▓▓▓▓▓▓▓▓
.[..))))....).!..[[[[[[[[.)).))))
▓▓▓▓▓▓▓▓▓▓▓▓▓▓▓▓▓▓▓▓▓▓▓▓▓▓▓▓▓▓▓▓▓
.................................
▓▓▓▓▓▓▓▓▓▓▓▓▓▓▓▓▓▓▓▓▓▓▓▓▓▓▓▓▓▓▓▓▓
∩.∩.)))))).....)))))))....)))))).
▓▓▓▓▓▓▓▓▓▓▓▓▓▓▓▓▓▓▓▓▓▓▓▓▓▓▓▓▓▓▓▓▓
.....)...........................


You could see Donald (fast, strong).

Vanquished Creatures
  Frances (D)
  2 ettins (D)
  A fire dragon (D)
  A centaur warrior (D)
  A two-headed ogre (D)
  4 orc high priests (D)
  An orc knight (D)
  A deep elf pyromancer (D)
  3 ugly things (D)
  2 orc sorcerers (D)
  2 manticores (D)
  Joseph (D)
  2 cane toads (D)
  An unseen horror (D)
  A yaktaur (D)
  5 komodo dragons (D)
  2 komodo dragons (shapeshifter) (D)
  2 trolls (D)
  9 polar bears (D)
  A jumping spider (shapeshifter) (D)
  A shadow (D)
  2 yaks (D)
  A vampire mosquito (D)
  2 water moccasins (D)
  10 orc warriors (D)
  A black bear (D)
  An ogre (D)
  A boggart (D)
  6 bullfrogs (D)
  A killer bee (D)
  A wight (D)
  A jelly (D)
  An orc priest (D)
  An iguana (D)
  3 orc wizards (D)
  A worm (D)
  13 orcs (D)
  A bat skeleton (D)
  3 frilled lizards (D)
  A kobold (D)
  A rat (D)
96 creatures vanquished.

Vanquished Creatures (collateral kills)
  A fire dragon (D)
  A great orb of eyes (D)
  An ice dragon (D)
  An orc knight (D)
  An ugly thing (D)
  An orc warrior (D)
  An orc (D)
7 creatures vanquished.

Grand Total: 103 creatures vanquished

Notes
Turn   | Place    | Note
-------+----------+-------------------------------------------
     0 | D        | mhtbhm the Troll Berserker began the quest for the Orb.
     0 | D        | Reached XP level 1. HP: 22/22 MP: 0/0
     8 | D        | Reached ** piety under Trog
     9 | D        | Reached skill level 3 in Maces & Flails
    18 | D        | Noticed an ogre
    18 | D        | Noticed a jelly
    18 | D        | Noticed an iguana
    25 | D        | Killed an iguana
    26 | D        | Reached skill level 4 in Maces & Flails
    26 | D        | Reached XP level 2. HP: 26/32 MP: 1/1
    26 | D        | Reached XP level 3. HP: 31/39 MP: 2/2
    28 | D        | Reached *** piety under Trog
    31 | D        | Killed an ogre
    32 | D        | Reached skill level 5 in Fighting
    32 | D        | Reached skill level 6 in Maces & Flails
    32 | D        | Reached skill level 5 in Dodging
    32 | D        | Reached XP level 4. HP: 7/50 MP: 3/3
    32 | D        | Reached XP level 5. HP: 9/57 MP: 4/4
   272 | D        | Found a snail-covered altar of Cheibriados.
   272 | D        | Found a shadowy altar of Dithmenos.
   272 | D        | Found a white marble altar of Elyvilon.
   272 | D        | Found a blossoming altar of Fedhas.
   272 | D        | Found an opulent altar of Gozag.
   273 | D        | Found a hazy altar of Hepliaklqana.
   274 | D        | Found a viscous altar of Jiyva.
   275 | D        | Found an ancient bone altar of Kikubaaqudgha.
   276 | D        | Found a corrupted altar of Lugonu.
   277 | D        | Found a burning altar of Makhleb.
   278 | D        | Found a sparkling altar of Nemelex Xobeh.
   279 | D        | Found an iron altar of Okawaru.
   280 | D        | Found a stormy altar of Qazlal.
   281 | D        | Found a sacrificial altar of Ru.
   282 | D        | Found a shimmering blue altar of Sif Muna.
   283 | D        | Found a bloodstained altar of Trog.
   284 | D        | Found a hide-covered altar of Uskayaw.
   285 | D        | Found a radiant altar of Vehumet.
   286 | D        | Found an ornate altar of the Wu Jian Council.
   287 | D        | Found a shimmering altar of Xom.
   288 | D        | Found a basalt altar of Yredelemnul.
   289 | D        | Found a glowing silver altar of Zin.
   290 | D        | Found a glowing golden altar of the Shining One.
   321 | D        | Noticed a shadow
   321 | D        | Noticed a yak
   321 | D        | Noticed a two-headed ogre
   327 | D        | Killed a two-headed ogre
   327 | D        | Reached **** piety under Trog
   328 | D        | Reached skill level 9 in Maces & Flails
   328 | D        | Reached XP level 6. HP: 56/74 MP: 5/5
   328 | D        | Reached XP level 7. HP: 61/81 MP: 6/6
   333 | D        | Killed an unseen horror
   334 | D        | Reached skill level 10 in Maces & Flails
   334 | D        | Reached XP level 8. HP: 46/92 MP: 7/7
   335 | D        | Reached skill level 1 in Stealth
   444 | D        | Noticed a yaktaur
   444 | D        | Noticed a jumping spider
   444 | D        | Noticed a white ugly thing
   444 | D        | Noticed a troll
   444 | D        | Noticed a troll
   448 | D        | Killed a jumping spider
   449 | D        | Reached skill level 11 in Maces & Flails
   450 | D        | Noticed a komodo dragon
   450 | D        | a yaktaur changed into a komodo dragon
   452 | D        | Reached ***** piety under Trog
   453 | D        | Reached skill level 10 in Fighting
   458 | D        | Killed a troll
   465 | D        | Killed a troll
   466 | D        | Reached XP level 9. HP: 96/102 MP: 8/8
   472 | D        | Killed a white ugly thing
   473 | D        | Reached skill level 12 in Maces & Flails
   481 | D        | Killed a komodo dragon
   482 | D        | Reached skill level 10 in Dodging
   631 | D        | Noticed a cane toad
   631 | D        | Noticed a komodo dragon
   632 | D        | Noticed a cane toad
   637 | D        | Noticed a komodo dragon
   648 | D        | Reached skill level 13 in Maces & Flails
   654 | D        | Killed a komodo dragon
   660 | D        | Killed a cane toad
   660 | D        | Identified the +11 flail of Bodily Harmony {vorpal, Fly rC-
                  | Str+4 Dex+2} (Trog gifted it to you in the Dungeon)
   660 | D        | Received a gift from Trog
   663 | D        | Killed a cane toad
   664 | D        | Reached XP level 10. HP: 80/115 MP: 9/9
   677 | D        | Reached ****** piety under Trog
   678 | D        | Reached skill level 14 in Maces & Flails
   762 | D        | Received a gift from Trog
   841 | D        | Reached skill level 15 in Maces & Flails
   854 | D        | Received a gift from Trog
   962 | D        | Noticed Joseph
   972 | D        | Killed Joseph
   973 | D        | Reached skill level 16 in Maces & Flails
  1071 | D        | Noticed an ettin
  1073 | D        | Reached XP level 11. HP: 127/127 MP: 10/10
  1085 | D        | Killed an ettin
  1085 | D        | Received a gift from Trog
  1107 | D        | Received a gift from Trog
  1175 | D        | Noticed an orc high priest
  1175 | D        | Noticed an orc knight
  1179 | D        | Killed an orc knight
  1185 | D        | Killed an orc high priest
  1186 | D        | Reached skill level 17 in Maces & Flails
  1190 | D        | Noticed an orc knight
  1198 | D        | Received a gift from Trog
  1213 | D        | Killed an orc knight
  1501 | D        | Found Gucokesh's Antique Armour Boutique.
  1501 | D        | Noticed an orc high priest
  1501 | D        | Noticed an orc sorcerer
  1503 | D        | Killed an orc sorcerer
  1503 | D        | Received a gift from Trog
  1505 | D        | Noticed an orc sorcerer
  1507 | D        | Killed an orc high priest
  1510 | D        | Noticed an orc high priest
  1513 | D        | Found Ymunian's General Store.
  1517 | D        | Killed an orc sorcerer
  1520 | D        | Found Arumyrch's Antique Weapon Boutique.
  1522 | D        | Killed an orc high priest
  1522 | D        | Received a gift from Trog
  1523 | D        | Reached skill level 18 in Maces & Flails
  1570 | D        | Found Zadel's General Store.
  1578 | D        | Noticed an orc high priest
  1587 | D        | Killed an orc high priest
  1608 | D        | Bought a scroll of enchant armour for 90 gold pieces
  1608 | D        | Bought the +11 bardiche of the Volcano {vorpal, Contam
                  | Int+6 Dex+6} for 1141 gold pieces
  1612 | D        | Bought a scroll of identify for 24 gold pieces
  1614 | D        | Bought a runed orb for 312 gold pieces
  1721 | D        | Found the +8 mithril axe "Arga" {speed, Will+}
  1775 | D        | Noticed a centaur warrior
  1775 | D        | Noticed a deep elf pyromancer
  1781 | D        | Killed a deep elf pyromancer
  1781 | D        | Received a gift from Trog
  1782 | D        | Noticed a purple ugly thing
  1784 | D        | Killed a centaur warrior
  1785 | D        | Reached skill level 15 in Fighting
  1790 | D        | Reached XP level 12. HP: 143/143 MP: 11/11
  1790 | D        | Noticed an ettin
  1792 | D        | Noticed a great orb of eyes
  1797 | D        | Noticed a fire dragon
  1798 | D        | Noticed an ice dragon
  1802 | D        | Killed an ettin
  1803 | D        | Reached skill level 19 in Maces & Flails
  1805 | D        | Killed a great orb of eyes
  1806 | D        | Reached skill level 1 in Armour
  1806 | D        | Reached skill level 1 in Evocations
  1808 | D        | Killed a fire dragon
  1816 | D        | Killed an ice dragon
  1816 | D        | Received a gift from Trog
  1926 | D        | Noticed a fire dragon
  1934 | D        | Killed a fire dragon
  2059 | D        | Noticed Frances
  2075 | D        | Killed Frances
  2075 | D        | Identified the +8 great mace of the Ego {antimagic, *Noise
                  | rF+ rN++ Str+3} (Trog gifted it to you in the Dungeon)
  2075 | D        | Received a gift from Trog
  2151 | D        | Noticed Donald
  2162 | D        | Mangled by Donald

Illustrated notes

Levels and vault maps discovered:
D:        linesprint [early_d, line_temple, items_1, d_10, items_2, lair_1,
          lair_end, items_3, orc_1, orc_end, items_4, d_15, swamp_1, shoals_1,
          snake_1, spider_1, d_20, vaults_1, items_5, swamp_end, shoals_end,
          snake_end, spider_end, vaults_end, d_27, items_6, zot_1, zot_end,
          crypt_end, forest_end, elf_end, slime_end, tomb_end, abyss_end,
          pan_hell_end]

Skill      XL: |  1  2  3  4  5  6  7  8  9 10 11 12 |
---------------+-------------------------------------+-----
Maces & Flails | 4 6 9 10 11 13 16 18 19 | 19.9
Fighting       | 3 5 8 9 10 11 13 15 16 | 16.3
Dodging        | 3 5 7 8 9 10 11 12 | 12.9
Stealth        | 1 2 |  2.6
Armour         | 2 |  2.4
Evocations     | 1 |  1.2

Action                   |  1- 3 |  4- 6 |  7- 9 | 10-12 || total
-------------------------+-------+-------+-------+-------++-------
Melee: Mace              |    20 |    12 |       |       ||    32
       Dire flail        |       |     5 |    79 |   113 ||   197
       Great mace        |       |       |       |    64 ||    64
       Giant spiked club |       |       |       |    21 ||    21
Invok: Berserk           |     1 |     1 |     3 |     7 ||    12
       Brothers in Arms  |       |       |       |     3 ||     3
Evoke: Wand              |       |       |       |     1 ||     1
Armor: Animal skin       |     1 |     2 |    12 |    33 ||    48
       Swamp dragon scal |       |       |       |     8 ||     8
Dodge: Dodged            |     9 |     7 |    20 |    78 ||   114

Table legend: (Time is in decaauts)
 A = Elapsed time spent in this place.
 B = Non-inter-level travel time spent in this place.
 C = Inter-level travel time spent in this place.
 D = Time resting spent in this place.
 E = Time spent auto-exploring this place.
 F = Levels seen in this place.
 G = Mean time per level.
                   A        B        C        D        E       F      G
               +--------+--------+--------+--------+--------+-----+--------+
         Total |   2143 |   2143 |      0 |    981 |    219 |   1 | 2143.0 |
       Dungeon |   2143 |   2143 |      0 |    981 |    219 |   1 | 2143.0 |
               +--------+--------+--------+--------+--------+-----+--------+

Top non-repeatable levels by time:
       D: 2143 daAuts
